 Dungeon Crawl Stone Soup version 0.15.2 (webtiles) character file.

652823 4tharraofdagon the Cryomancer (level 27, -13/173 (174) HPs)
             Began as a Ghoul Fire Elementalist on Jan 24, 2015.
             Was the Champion of Vehumet.
             Killed from afar by a pearl dragon (111 damage)
             ... with a blast of cleansing flame
             ... on Level 23 of a ziggurat on Jan 26, 2015.
             The game lasted 07:14:05 (37048 turns).

4tharraofdagon the Cryomancer (GhFE)               Turns: 37048, Time: 07:14:05

HP -13/173 (174) AC 15     Str 16      XL: 27
MP  36/51        EV 17     Int 31      God: Vehumet [******]
Gold 1254        SH  7     Dex  9      Spells: 13 memorised,  8 levels left

rFire  + + .     SeeInvis +     n - staff of energy
rCold  + + .     Clarity  .     g - +2 robe {Archmagi}
rNeg   + + +     rCorr    .     q - +3 buckler {rF+}
rPois  +         rRot     +     E - +1 helmet of Grace {rF+ rN+ Int+4}
rElec  +         Spirit   .     D - +2 cloak
SustAb .         Warding  .     P - +2 pair of gloves {rC+}
rMut   .         Stasis   .     m - +2 pair of boots {run}
Saprov + + +                    G - amulet of the Air {Inacc +Fly rElec EV+5 RMsl}
MR     ++...                    c - ring "Ytsue" {MP+9 SInv Stlth+}
                                J - +3 ring of intelligence

@: brilliant, very slightly contaminated, rotting, hasted, glowing, repel
missiles, very quick, very resistant to hostile enchantments, very unstealthy
A: rotting body, claws 1, carnivore 3, cold resistance 1, negative energy
resistance 3, poison resistance, saprovore 3, slow healing 1, torment
resistance, unbreathing
a: Renounce Religion, Evoke Flight
}: 3/15 runes: decaying, silver, gossamer


You were on level 23 of a ziggurat.
You worshipped Vehumet.
Vehumet was exalted by your worship.
You were not hungry.

You visited 8 branches of the dungeon, and saw 50 of its levels.
You visited the Abyss 3 times.
You visited 1 Ziggurat, and saw 23 of its levels.
You also visited: Labyrinth, Sewer and Ice Cave.

You collected 6958 gold pieces.
You spent 5704 gold pieces at shops.

Inventory:

Hand weapons
 l - the +9 Staff of Wucad Mu
   (You found it on level 19 of a ziggurat)
Armour
 a - a cursed +4 troll leather armour
 g - a +2 robe of the Archmagi (worn)
 m - a +2 pair of boots of running (worn)
 q - a +3 buckler of fire resistance (worn)
 D - a +2 cloak (worn)
 E - the +1 helmet of Grace (worn) {rF+ rN+ Int+4}
   (You found it on level 8 of the Lair of Beasts)

   It affects your intelligence (+4).
   It protects you from fire.
   It protects you from negative energy.
 P - a +2 pair of gloves of cold resistance (worn)
Magical devices
 K - a wand of hasting (5)
 S - a wand of digging (13)
 V - a wand of disintegration (8)
 Z - a wand of teleportation (4)
Comestibles
 i - 24 meat rations
 T - 12 royal jellies
Scrolls
 f - 13 scrolls of blinking
 k - 11 scrolls of fog
 r - a scroll of torment
 t - 9 scrolls of teleportation
 B - 13 scrolls of recharging
 C - 23 scrolls of remove curse
 H - a scroll of enchant armour
 M - a scroll of summoning
 X - 8 scrolls of magic mapping
 Y - 5 scrolls of amnesia
Jewellery
 b - an uncursed amulet of clarity
 c - the ring "Ytsue" (right hand) {MP+9 SInv Stlth+}
   (You bought it in a shop on level 2 of the Elven Halls)

   [ring of magical power]

   It affects your magic capacity (+9).
   It enhances your eyesight.
   It makes you more stealthy.
 d - the ring of Robustness {AC+8}
   (You found it on level 18 of a ziggurat)

   [ring of protection]

   It affects your AC (+8).
 s - an uncursed ring of teleportation
 u - an uncursed ring of ice
 v - an uncursed ring of wizardry
 w - a cursed ring of flight
 x - the amulet "Yquromm" {rCorr Str+1 Int+4}
   (You found it on level 19 of a ziggurat)

   [amulet of resist corrosion]

   It protects you from acid and corrosion.
   It affects your strength (+1).
   It affects your intelligence (+4).
 y - an uncursed ring of sustain abilities
 G - the amulet of the Air (around neck) {Inacc +Fly rElec EV+5 RMsl}
   (You bought it in a shop on level 2 of the Elven Halls)

   [amulet of inaccuracy]

   It reduces the accuracy of all your attacks.
   It affects your evasion (+5).
   It insulates you from electricity.
   It lets you fly.
   It protects you from missiles.
 J - a +3 ring of intelligence (left hand)
 L - the ring "Hebefe" {+Inv rElec rF+ SInv}
   (You found it on level 9 of a ziggurat)

   [ring of protection from fire]

   It protects you from fire.
   It insulates you from electricity.
   It enhances your eyesight.
   It lets you turn invisible.
 O - an uncursed amulet of resist mutation
 U - the ring "Getef" {MR+ Str+3 Dex+4}
   (You found it on level 3 of the Elven Halls)

   [ring of protection from magic]

   It affects your strength (+3).
   It affects your dexterity (+4).
   It affects your resistance to hostile enchantments.
Potions
 h - a potion of resistance
 j - 7 potions of brilliance
 o - 19 potions of curing
 p - 2 potions of cancellation
 I - 2 potions of agility
 Q - 5 potions of heal wounds
 R - 4 potions of restore abilities
Magical staves
 e - an uncursed staff of conjuration
 n - an uncursed staff of energy (weapon)
Miscellaneous
 F - a crystal ball of energy
Rods
 z - a +4 rod of destruction (12/12)
   (You found it on level 19 of a ziggurat)
 A - a +5 lightning rod (9/9)
   (You found it on level 3 of the Elven Halls)
 W - a +4 rod of clouds (11/11)
   (You found it on level 19 of a ziggurat)


   Skills:
 - Level 1.0 Fighting
 - Level 0.5 Armour
 - Level 3.0 Dodging
 - Level 2.1 Stealth
 - Level 5.0 Shields
 - Level 0.7 Unarmed Combat
 - Level 18.1 Spellcasting
 - Level 21.0 Conjurations
 - Level 13.0 Translocations
 - Level 2.6 Fire Magic
 - Level 26.0 Ice Magic
 * Level 20.2 Evocations


You had 8 spell levels left.
You knew the following spells:

 Your Spells              Type           Power        Failure   Level  Hunger
a - Orb of Destruction    Conj           ########..   1%          7    None
b - Conjure Flame         Conj/Fire      ########     1%          3    None
c - Sticky Flame          Conj/Fire      ########     1%          4    None
d - Freeze                Ice            ####         0%          1    None
e - Fireball              Conj/Fire      ########..   1%          5    None
f - Controlled Blink      Tloc           N/A          1%          7    None
g - Bolt of Cold          Conj/Ice       ########..   1%          6    None
h - Regeneration          Chrm/Necr      ######....   1%          3    None
i - Glaciate              Conj/Ice       ########..   1%          9    None
j - Delayed Fireball      Conj/Fire      N/A          1%          7    None
k - Control Teleport      Chrm/Tloc      #######...   1%          4    None
l - Apportation           Tloc           ########..   0%          1    None
m - Blink                 Tloc           N/A          0%          2    None


Dungeon Overview and Level Annotations

Branches:
Dungeon (15/15)            Temple (0/1) D:4             Orc (4/4) D:9
    Elf (3/3) Orc:3          Lair (8/8) D:11          Swamp (5/5) Lair:6
 Spider (5/5) Lair:6        Slime (0/6) Lair:6       Vaults (5/5) D:14
 Depths (5/5) D:15
  Crypt: Vaults:2-3     Zot: Depths:5

Altars:
Cheibriados
Makhleb
Nemelex Xobeh
Qazlal
Sif Muna
Trog
Vehumet
Xom
Zin
The Shining One

Shops:
D:4 (   D:6 =%(*   D:14 *   Orc:4 =??(   Elf:2 =   Elf:3 :   Vaults:1 :
Vaults:2 }   Vaults:5 !????%%?%?[(=

Portals:
Hell: Depths:1 Depths:5
Abyss: Depths:3

Annotations:
D:14 exclusion: downstairs
Lair:4 exclusion: oklob plant
Vaults:2 CRYPT
Depths:1 exclusion: ice statue


Innate Abilities, Weirdness & Mutations

Your body is rotting away.
You have sharp fingernails.
You are carnivorous and can eat meat at any time.
Your flesh is cold resistant.
You are immune to negative energy.
Your system is resistant to poisons.
You thrive on rotten meat.
You heal slowly when monsters are visible.
You are immune to unholy pain and torment.
You can survive without breathing.


Message History

Unknown command.
Unknown command.
Unknown command.
You channel some magical energy.
You feel slightly more hungry.
You are engulfed in freezing vapours.
You resist.
The cherub is engulfed in freezing vapours.
You kill the cherub!
Vehumet accepts your kill.
You feel your power returning.
The ophan is engulfed in freezing vapours.
You kill the ophan!
Vehumet accepts your kill.
The pearl dragon is engulfed in freezing vapours.
The pearl dragon breathes holy energy at you.
The blast of cleansing flame hits the angel shaped block of ice.
The angel shaped block of ice writhes in agony!
The angel shaped block of ice is destroyed!
The blast of cleansing flame hits you!
Ouch! That really hurt!
You die...

▓▓▓▓▓▓▓▓▓▓▓▓▓......
▓....................
▓................§§G..
▓..............##.8§§§#
▓..............#§§88§§.#
▓..............§§888D§§D
▓.............§.§§§§8§G.
▓∩............§§.§§888§YY
▓.............§§@§§888§A.
▓.............§§§§§§888Y.
▓.............§#§§§§§Y§#
▓..............##§.§..##
▓.......................
▓......................
▓▓▓▓▓▓▓▓▓▓▓▓▓.........
▓........ ▓... . .


You could see 4 apis, a daeva (roused), 2 pearl dragons and 2 ophanim.

Vanquished Creatures
  An ancient lich (Zig:20)
  8 greater mummies
  Saint Roka (Swamp:5)
  Margery (Vaults:3)
  Mara (Spider:2)
  A golden dragon (Vaults:5)
  3 bone dragons
  2 profane servitors (Zig:20)
  Xtahua (Depths:3)
  4 electric golems (Zig:19)
  Frederick (Vaults:3)
  Nikola (Spider:2)
  11 pearl dragons (Zig:23)
  A hellephant (Zig:21)
  4 Ice Fiends (Zig:22)
  A tentacled monstrosity (Vaults:5)
  Asterion (Swamp:2)
  2 Shadow Fiends
  A quicksilver dragon (Vaults:5)
  3 deep elf blademasters (Elf:3)
  3 liches
  9 titans
  9 acid blobs
  2 deep elf master archers
  14 storm dragons
  2 blood saints (Zig:16)
  3 tentacled starspawn (Zig:21)
  4 thorn hunters
  Agnes (Swamp:1)
  Frances (Spider:5)
  2 sphinxes (Vaults:5)
  10 tengu reavers
  A daeva (Zig:23)
  An ancient champion (Zig:20)
  6 shadow dragons
  Roxanne (Swamp:3)
  3 azure jellies
  A draconian monk (Zig:21)
  3 revenants
  8 deep elf sorcerers
  Wiglaf (Spider:3)
  11 fire giants
  Maud (Lair:5)
  4 greater nagas (Zig:16)
  12 ghost moths
  2 iron dragons (Vaults:5)
  15 frost giants
  A balrug (Zig:10)
  Louise (Spider:4)
  7 draconian knights (Zig:22)
  11 vault wardens
  6 angels (Zig:23)
  7 emperor scorpions
  4 ghouls (Zig:20)
  2 spriggan defenders (Depths:5)
  3 apis (Zig:23)
  4 ophanim (Zig:23)
  13 stone giants
  3 war gargoyles
  3 curse skulls
  5 reapers
  10 very ugly things
  A grey draconian (Zig:21)
  14 deep elf demonologists
  16 deep elf annihilators
  A corrupter (Zig:21)
  3 vampire knights
  A spectral titan (Zig:20)
  Azrael (Elf:3)
  4 dire elephants
  2 unborn (Zig:20)
  5 merfolk javelineers
  Snorg (Swamp:3)
  2 death oozes
  5 mummy priests
  A spectral quicksilver dragon (Zig:21)
  9 eidola
  10 fire dragons
  5 blizzard demons
  11 deep elf high priests
  7 ettins
  A jiangshi (Zig:4)
  28 vault guards
  5 merfolk impalers
  The ghost of Rebelfire the Grappler, a powerful TrBe of Trog (IceCv)
  3 minotaurs
  Josephine (Orc:3)
  13 ironheart preservers
  11 deep elf death magi
  10 yaktaur captains
  Fannar (D:10)
  7 great orbs of eyes
  8 ice dragons
  Harold (D:10)
  A rakshasa (Depths:3)
  Nessos (Elf:2)
  14 spriggan air magi
  A ravenous item mimic (Vaults:5)
  Erica (Lair:3)
  A ghost crab (Zig:20)
  A siren (Zig:9)
  A shambling mangrove (Swamp:3)
  A spectral shadow dragon (Zig:20)
  29 hydras
  6 alligators
  An alligator snapping turtle (Zig:14)
  14 ogre magi
  4 centaur warriors
  6 death knights
  4 merfolk aquamancers
  3 dancing weapons
  2 hell hogs (Zig:10)
  5 spriggan berserkers
  2 tengu warriors
  A titan zombie (Zig:11)
  3 deep troll earth magi
  The ghost of Tarquin the Covert, a powerful KoAs of Nemelex Xobeh (Lair:1)
  3 vampire magi
  13 death yaks
  5 shock serpents (Zig:19)
  Urug (D:10)
  A thrashing horror (Zig:21)
  A spectral storm dragon (Zig:21)
  3 deep troll shamans
  2 storm dragon zombies
  Nergalle (Elf:1)
  18 hell knights
  2 titan skeletons
  A fire crab (shapeshifter) (Depths:1)
  5 wretched stars (Zig:21)
  8 skeletal warriors
  A soul eater (Zig:17)
  A salamander mystic (Zig:16)
  A catoblepas (Depths:2)
  3 golden dragon zombies
  2 fire crabs
  14 flayed ghosts
  2 spatial maelstroms (Zig:21)
  10 ice devils
  6 iron trolls
  5 wizards
  14 large abominations
  An orb spider (shapeshifter) (Vaults:5)
  4 unseen horrors
  Erolcha (D:10)
  7 swamp dragons
  5 deep elf summoners
  14 deep elf knights
  6 cherubim (Zig:23)
  7 shadow wraiths
  A spectral anaconda (Zig:20)
  14 deep trolls
  A lindwurm (Lair:8)
  8 sea snakes
  21 orb spiders
  2 death drakes (Depths:2)
  4 starcursed masses (Zig:21)
  2 ice statues (IceCv)
  20 deep elf conjurers
  8 hill giants
  5 manticores
  9 orc knights
  2 shadow demons (Zig:21)
  A naga ritualist (Zig:16)
  13 ironbrand convokers
  2 giant orange brains
  A golden dragon skeleton (Zig:11)
  11 griffons
  12 necromancers
  15 red wasps
  A mana viper (Depths:2)
  2 hellions (Zig:21)
  An orc sorcerer (Swamp:5)
  4 moths of wrath
  A shining eye (Zig:12)
  2 harpies
  3 tengu skeletons
  A fire giant zombie (Zig:11)
  10 small abominations
  30 wolf spiders
  2 frost giant zombies (Zig:7)
  5 water nymphs
  A sphinx skeleton (Zig:10)
  38 ugly things
  An octopode (shapeshifter) (Depths:5)
  7 oklob plants
  An iron dragon skeleton (Zig:10)
  4 sixfirhies
  A stone giant skeleton (Zig:8)
  A black mamba (shapeshifter) (Vaults:2)
  13 phantasmal warriors
  2 eyes of devastation
  A moth of wrath (shapeshifter) (Elf:3)
  2 gargoyles
  An elephant (shapeshifter) (Vaults:5)
  3 fire giant skeletons
  Joseph (D:7)
  2 storm dragon simulacra
  An apocalypse crab (Zig:21)
  A spectral elf (Zig:20)
  3 torpor snails
  8 cyclopes
  9 spiny frogs
  A spectral iron troll (Zig:21)
  3 tormentors
  2 orange demons
  2 titan simulacra (Zig:22)
  A worldbinder (Zig:21)
  2 guardian serpents (shapeshifter)
  An orange crystal statue (Depths:2)
  2 centaur skeletons
  7 iron devils
  Psyche (D:12)
  3 smoke demons (Zig:21)
  12 vault sentinels
  36 yaktaurs
  An efreet (D:14)
  2 elf zombies
  A kobold demonologist (D:11)
  An elf (shapeshifter) (Depths:3)
  2 naga magi (Zig:16)
  A hellwing (Zig:21)
  3 spectral merfolk (Depths:2)
  9 komodo dragons
  4 golden dragon simulacra
  6 fire drakes (Lair:8)
  2 red devils
  24 guardian mummies
  2 ancient zymes (Zig:21)
  8 tengu conjurers
  12 deep elf priests
  A ghoul skeleton (Zig:20)
  8 demonic crawlers
  15 trolls
  3 spriggan druids
  A jumping spider (shapeshifter) (Vaults:4)
  4 merfolk
  Sonja (D:10)
  9 polar bears
  17 two-headed ogres
  23 jumping spiders
  12 blue devils
  4 giant leeches
  5 baby alligators
  21 blink frogs
  Prince Ribbit (D:5)
  14 freezing wraiths
  A human zombie (Vaults:2)
  A baby alligator (shapeshifter) (Vaults:5)
  9 ravens
  43 slime creatures
  2 sphinx simulacra
  5 boulder beetles
  A deep troll zombie (D:15)
  2 spriggan zombies
  19 raiju
  5 bog bodies
  44 redbacks
  3 basilisks
  2 snapping turtles (Zig:9)
  23 trapdoor spiders
  10 flying skulls
  15 air elementals
  4 spriggan skeletons
  6 water elementals
  12 wraiths
  5 spriggans
  27 deep elf magi
  An ettin skeleton (Zig:8)
  A fire bat (shapeshifter) (Vaults:5)
  8 shadows
  5 vampires
  2 elf simulacra
  9 hogs (Lair:8)
  3 ynoxinuls
  31 tarantellas
  A hill giant zombie (D:14)
  12 hippogriffs
  3 fire elementals (Elf:3)
  2 golden eyes (Zig:12)
  15 vampire mosquitoes
  57 yaks
  31 deep elf fighters
  4 chaos spawn (Zig:21)
  2 neqoxecs
  A warg (shapeshifter) (Vaults:5)
  A hill giant skeleton (D:14)
  5 hungry ghosts
  28 wolves
  17 wargs
  2 nagas
  An ogre zombie (Zig:16)
  3 soldier ants
  27 swamp worms
  A human skeleton (D:11)
  2 spectral spriggans (Depths:2)
  A water moccasin (shapeshifter) (Vaults:4)
  2 sky beasts
  5 spectral trolls (Depths:2)
  A salamander skeleton (Zig:16)
  15 hell hounds
  29 orc warriors
  12 swamp drakes
  10 yellow wasps
  23 water moccasins
  A deep dwarf (shapeshifter) (Vaults:5)
  4 phantoms
  A sky beast (shapeshifter) (Depths:3)
  13 porcupines
  A yellow wasp (shapeshifter) (Vaults:5)
  A black bear (shapeshifter) (Depths:3)
  42 spiders
  9 black bears
  5 boggarts (Vaults:2)
  23 ice beasts
  A snapping turtle zombie (Depths:2)
  The ghost of ghwc the Insei, an average DgTm (Sewer)
  3 boring beetles
  8 crocodiles
  13 centaurs
  48 ogres
  3 lost souls
  2 necrophages
  A big kobold (D:12)
  2 human simulacra (Vaults:2)
  Blork the orc (D:9)
  4 brain worms (Lair:8)
  18 giant frogs
  21 jellies
  An earth elemental (Zig:21)
  7 insubstantial wisps
  6 scorpions
  A tengu zombie (D:15)
  21 killer bees
  2 eyes of draining (shapeshifter)
  A spectral naga (Depths:2)
  A spectral ogre (Depths:2)
  8 eyes of draining
  22 wights
  5 electric eels
  3 spectral centaurs (Depths:2)
  3 crimson imps
  23 orc priests
  3 quasits
  25 hounds
  7 iguanas
  4 iron imps (Zig:11)
  3 elf skeletons
  25 orc wizards
  A lightning spire (Zig:11)
  9 worker ants
  7 orange rats
  5 spriggan simulacra
  12 sheep
  An ogre skeleton (D:11)
  Jessica (D:2)
  Terence (D:3)
  A hound skeleton (D:4)
  2 worker ant zombies
  34 mummies
  A scorpion zombie (D:4)
  28 green rats
  20 adders
  3 gnolls (D:6)
  3 orc zombies
  3 giant mites
  5 shadow imps
  25 white imps
  20 worms
  7 ufetubi
  A gnoll skeleton (Orc:3)
  2 giant eyeballs
  3 giant geckos
  6 oozes
  198 orcs
  10 bats
  A bat skeleton (D:4)
  A bat zombie (D:7)
  11 goblins
  18 hobgoblins
  24 jackals
  A ball python (D:3)
  4 giant cockroaches
  3 giant newts
  A hobgoblin zombie (D:8)
  A jackal skeleton (D:4)
  15 kobolds
  A kobold skeleton (D:5)
  2 lurking horrors (Zig:21)
  4 orc skeletons
  10 quokkas
  41 rats
  A rat zombie (D:6)
  A spectral goblin (Zig:21)
  5 blocks of ice
  18 briar patches
  2 butterflies (D:4)
  6 crawling corpses
  6 fungi
  32 plants
  6 starspawn tentacles (Zig:21)
2957 creatures vanquished.

Vanquished Creatures (others)
  2 vault guards (Vaults:5)
  A deep elf knight (Elf:2)
  A shadow wraith (Depths:2)
  5 lost souls
  A small abomination (Zig:21)
  An ogre (Vaults:3)
  A crimson imp (D:12)
  2 white imps (IceCv)
  3 ufetubi (IceCv)
  An orc (Orc:4)
  A giant spore (D:12)
  2 ballistomycetes (D:12)
  389 blocks of ice
  A briar patch (Zig:20)
  4 fungi
  18 plants
  6 starspawn tentacles
  54 starspawn tentacle segments
493 creatures vanquished.

Grand Total: 3450 creatures vanquished

Notes
Turn   | Place    | Note
--------------------------------------------------------------
     0 | D:1      | 4tharraofdagon, the Ghoul Fire Elementalist, began the quest for the Orb.
     0 | D:1      | Reached XP level 1. HP: 14/14 MP: 2/2
   191 | D:2      | Reached XP level 2. HP: 17/22 MP: 0/3
   295 | D:2      | Noticed Jessica
   301 | D:2      | Killed Jessica
   301 | D:2      | Reached skill level 1 in Conjurations
   301 | D:2      | Reached XP level 3. HP: 20/27 MP: 0/6
   528 | D:2      | Found a glowing silver altar of Zin.
   530 | D:2      | Found a glowing golden altar of the Shining One.
   536 | D:2      | Found a deep blue altar of Sif Muna.
   538 | D:2      | Found a burning altar of Makhleb.
   539 | D:2      | Found a radiant altar of Vehumet.
   545 | D:2      | Became a worshipper of Vehumet
   675 | D:1      | Reached skill level 1 in Fighting
   846 | D:3      | Noticed a phantom
   898 | D:3      | Learned a level 3 spell: Conjure Flame
   994 | D:3      | Killed a phantom
   994 | D:3      | Reached XP level 4. HP: 14/31 MP: 0/7
   994 | D:3      | Reached XP level 5. HP: 16/36 MP: 0/8
  1057 | D:3      | Learned a level 4 spell: Sticky Flame
  1059 | D:3      | Noticed Terence
  1089 | D:3      | Killed Terence
  1602 | D:3      | Acquired Vehumet's first power
  1602 | D:3      | Offered knowledge of Freeze by Vehumet.
  1607 | D:3      | Learned a level 1 spell: Freeze
  1724 | D:4      | Reached XP level 6. HP: 41/47 MP: 10/10
  1747 | D:4      | Noticed a phantom
  1756 | D:4      | Killed a phantom
  1756 | D:4      | Reached skill level 3 in Dodging
  1756 | D:4      | Reached skill level 1 in Ice Magic
  1896 | D:4      | Found a staircase to the Ecumenical Temple.
  2044 | D:4      | Found a stormy altar of Qazlal.
  2076 | D:4      | Found Kuatrat's Antique Weapon Emporium.
  2323 | D:4      | Paralysed by a giant eyeball for 2 turns
  2365 | D:4      | Reached XP level 7. HP: 47/50 MP: 11/12
  2389 | D:4      | Noticed a phantom
  2394 | D:4      | Killed a phantom
  2435 | D:4      | Offered knowledge of Shock by Vehumet.
  2471 | D:5      | Entered Level 5 of the Dungeon
  2611 | D:5      | Noticed Prince Ribbit
  2628 | D:5      | Killed Prince Ribbit
  2628 | D:5      | Reached skill level 4 in Conjurations
  2628 | D:5      | Reached XP level 8. HP: 57/57 MP: 8/15
  2845 | D:5      | Reached skill level 5 in Ice Magic
  3104 | D:6      | Found Frauc's Assorted Antiques.
  3116 | D:6      | Found Ufaix's Jewellery Boutique.
  3117 | D:6      | Found Qieseff's Food Shop.
  3236 | D:6      | Reached skill level 5 in Conjurations
  3269 | D:6      | Offered knowledge of Throw Frost by Vehumet.
  3282 | D:6      | Found a glowing drain.
  3288 | Sewer    | Entered a sewer
  3326 | Sewer    | Noticed ghwc's ghost (average DgTm)
  3328 | Sewer    | http://crawl.lantea.net/crawl/morgue/ghwc/morgue-ghwc-20150124-124530.txt
  3333 | Sewer    | Killed ghwc's ghost
  3336 | Sewer    | Acquired Vehumet's second power
  3409 | Sewer    | Offered knowledge of Mephitic Cloud by Vehumet.
  3668 | D:6      | Reached skill level 6 in Ice Magic
  3684 | D:6      | Found Topuatuuhi's Weapon Boutique.
  3812 | D:7      | Acquired Vehumet's third power
  3812 | D:7      | Reached XP level 9. HP: 57/64 MP: 10/19
  3916 | D:7      | Offered knowledge of Stone Arrow by Vehumet.
  3935 | D:7      | Reached skill level 7 in Ice Magic
  3970 | D:7      | Noticed Joseph
  3979 | D:7      | Killed Joseph
  3979 | D:7      | Reached skill level 5 in Spellcasting
  4045 | D:7      | Learned a level 5 spell: Fireball
  4117 | D:7      | Found a shimmering altar of Xom.
  4309 | D:7      | Reached skill level 8 in Ice Magic
  4311 | D:7      | Offered knowledge of Spellforged Servitor by Vehumet.
  4511 | D:8      | Reached XP level 10. HP: 40/70 MP: 17/21
  4937 | D:9      | Reached skill level 9 in Ice Magic
  5001 | D:9      | Found a staircase to the Orcish Mines.
  5182 | D:9      | Found a sparkling altar of Nemelex Xobeh.
  5331 | D:10     | Entered Level 10 of the Dungeon
  5334 | D:10     | Offered knowledge of Freezing Cloud by Vehumet.
  5335 | D:10     | Noticed Urug
  5345 | D:9      | Learned a level 6 spell: Freezing Cloud
  5632 | D:9      | Noticed Blork the orc
  5643 | D:9      | Killed Blork the orc
  5697 | D:10     | Noticed Sonja
  5705 | D:10     | Killed Sonja
  5709 | D:10     | Noticed Harold
  5899 | D:10     | Reached skill level 10 in Ice Magic
  5958 | D:10     | Noticed Erolcha
  5965 | D:10     | Noticed Fannar
  6033 | D:10     | Killed Harold
  6033 | D:10     | Reached XP level 11. HP: 49/77 MP: 17/24
  6067 | D:10     | Killed Urug
  6168 | D:10     | Killed Fannar
  6223 | D:10     | Reached skill level 11 in Ice Magic
  6263 | D:10     | Cast into the Abyss (Erolcha)
  6263 | Abyss:1  | Found a corrupted altar of Lugonu.
  6337 | Abyss:1  | Noticed a green death
  6386 | Abyss:1  | Noticed a hell hog
  6386 | Abyss:1  | Noticed a hell hog
  6388 | Abyss:1  | Noticed a hell hog
  6399 | Abyss:1  | Found a corrupted altar of Lugonu.
  6429 | Abyss:1  | Noticed a tentacled starspawn
  6437 | Abyss:1  | Found a corrupted altar of Lugonu.
  6455 | Abyss:1  | Found a sparkling altar of Nemelex Xobeh.
  6520 | Abyss:1  | Noticed a spatial maelstrom
  6556 | Abyss:1  | Got a faintly humming ring mail
  6651 | D:10     | Escaped the Abyss
  6655 | D:10     | Killed Erolcha
  6904 | D:11     | Found a glowing silver altar of Zin.
  6974 | D:12     | Noticed Psyche
  6974 | D:12     | Noticed a hill giant
  7137 | D:11     | Got a steaming helmet
  7147 | D:11     | Identified the +1 helmet of the Many Mice {Str+2 Dex+4} (You found it on level 11 of the Dungeon)
  7295 | D:11     | Found a staircase to the Lair.
  7424 | D:11     | Offered knowledge of Iskenderun's Battlesphere by Vehumet.
  7452 | D:11     | Reached skill level 12 in Ice Magic
  7572 | D:12     | Noticed a hill giant
  7598 | D:12     | Reached XP level 12. HP: 56/83 MP: 20/26
  7625 | D:12     | Killed a hill giant
  7625 | D:12     | Reached skill level 10 in Conjurations
  7904 | D:12     | Got an ichor-stained arbalest
  7968 | D:12     | Killed Psyche
  8004 | D:12     | Killed a hill giant
  8173 | D:12     | Identified the -3 arbalest of Lipsoyte {penet, +Blink rElec SInv} (You found it on level 12 of the Dungeon)
  8452 | D:13     | Found a burning altar of Makhleb.
  8845 | D:14     | Reached skill level 13 in Ice Magic
  8883 | D:14     | Found a gate to the Vaults.
  8967 | D:14     | Found Geotzett's Assorted Antiques.
  8973 | D:14     | Bought a scroll labeled TRURONW PNILO for 27 gold pieces
  8973 | D:14     | Bought a potion of heal wounds for 81 gold pieces
  8973 | D:14     | Bought a potion of haste for 189 gold pieces
  8973 | D:14     | Bought a shiny fluorescent wand for 108 gold pieces
  8973 | D:14     | Bought a scroll of identify for 54 gold pieces
  8973 | D:14     | Bought a scroll of identify for 54 gold pieces
  8973 | D:14     | Bought a potion of curing for 54 gold pieces
  8976 | D:14     | Noticed a centaur warrior
  8990 | D:14     | Killed a centaur warrior
  9203 | D:14     | Noticed an eight-headed hydra
  9260 | D:14     | Killed an eight-headed hydra
  9444 | D:15     | Entered Level 15 of the Dungeon
  9585 | D:15     | :win
  9596 | D:15     | Noticed an ogre mage
  9601 | D:15     | Offered knowledge of Iron Shot by Vehumet.
  9610 | D:15     | Killed an ogre mage
  9610 | D:15     | Reached XP level 13. HP: 89/89 MP: 12/28
  9613 | D:15     | Noticed a tengu warrior
  9624 | D:15     | Killed a tengu warrior
  9654 | D:15     | Got a steaming spear
  9655 | D:15     | Found a burning altar of Makhleb.
  9790 | D:15     | Identified the cursed +2 spear of Dasel {elec, rElec rC+ SInv} (You found it on level 15 of the Dungeon)
  9851 | D:15     | Reached skill level 14 in Ice Magic
 10240 | D:15     | Reached skill level 5 in Evocations
 10453 | Lair:1   | Entered Level 1 of the Lair of Beasts
 10463 | Lair:1   | Noticed Tarquin's ghost (powerful KoAs)
 10463 | Lair:1   | http://crawl.lantea.net/crawl/morgue/Tarquin/morgue-Tarquin-20150124-154026.txt
 10473 | Lair:1   | Killed Tarquin's ghost
 10865 | Lair:1   | Reached skill level 1 in Shields
 11268 | Lair:2   | Offered knowledge of Bolt of Cold by Vehumet.
 11289 | Lair:2   | Learned a level 6 spell: Bolt of Cold
 11365 | Lair:3   | Found a snail-covered altar of Cheibriados.
 11562 | Lair:3   | Noticed Erica
 11568 | Lair:3   | Reached XP level 14. HP: 96/96 MP: 25/30
 11584 | Lair:3   | Killed Erica
 12472 | Lair:5   | Noticed Maud
 12528 | Lair:5   | Offered knowledge of Poison Arrow by Vehumet.
 12911 | Lair:5   | Reached skill level 15 in Ice Magic
 13007 | Lair:6   | Found a hole to the Spider Nest.
 13577 | Lair:6   | Found a staircase to the Slime Pits.
 13688 | Lair:7   | Reached skill level 5 in Shields
 13815 | Lair:8   | Entered Level 8 of the Lair of Beasts
 14145 | Lair:7   | Offered knowledge of Orb of Destruction by Vehumet.
 14204 | Lair:8   | Reached XP level 15. HP: 94/102 MP: 31/31
 14235 | Lair:8   | Learned a level 7 spell: Orb of Destruction
 15005 | Lair:8   | Offered knowledge of Lehudib's Crystal Spear by Vehumet.
 15005 | Lair:8   | Offered knowledge of Fire Storm by Vehumet.
 15005 | Lair:8   | Offered knowledge of Glaciate by Vehumet.
 15080 | Lair:8   | Got a dazzling helmet
 15138 | Lair:8   | Identified the +1 helmet of Grace {rF+ rN+ Int+4} (You found it on level 8 of the Lair of Beasts)
 15345 | Lair:5   | Killed Maud
 15563 | Orc:1    | Entered Level 1 of the Orcish Mines
 15596 | Orc:1    | Found a bloodstained altar of Trog.
 15757 | Orc:2    | Reached skill level 10 in Spellcasting
 15787 | Orc:2    | Found a deep blue altar of Sif Muna.
 16048 | Orc:4    | Entered Level 4 of the Orcish Mines
 16051 | Orc:4    | Found a labyrinth entrance.
 16060 | Lab      | Entered a labyrinth
 16139 | Lab      | Got a crystal broad axe
 16140 | Lab      | Identified the +10 broad axe "Ymuum" {chop, Str-1 Int+2 Stlth+} (You found it in a labyrinth)
 16153 | Lab      | Got a crude platinum ring
 16153 | Lab      | Got a vibrating wooden ring
 16179 | Lab      | Got a faintly glowing shield
 16217 | Orc:4    | Reached skill level 16 in Ice Magic
 16257 | Orc:4    | Found a frozen archway.
 16282 | IceCv    | Entered an ice cave
 16407 | IceCv    | Identified the ring of Tisuqax {Fire +Blink Str+4} (You found it in a labyrinth)
 16409 | IceCv    | Identified the ring of Twoumais {rC+ Str+4} (You found it in a labyrinth)
 16551 | IceCv    | Noticed Rebelfire's ghost (powerful TrBe)
 16552 | IceCv    | http://crawl.lantea.net/crawl/morgue/Rebelfire/morgue-Rebelfire-20150123-161828.txt
 16669 | IceCv    | Killed Rebelfire's ghost
 17177 | Orc:4    | Found Ginaoc's Magic Scroll Shoppe.
 17178 | Orc:4    | Found Phuphaluga's Weapon Emporium.
 17251 | Orc:4    | Reached skill level 10 in Evocations
 17441 | Orc:4    | Found Tyoducho's Jewellery Boutique.
 17451 | Orc:4    | Found Plub's Magic Scroll Shoppe.
 17500 | Orc:4    | Bought a scroll of teleportation for 54 gold pieces
 17506 | Orc:4    | Bought a cursed ring of loudness for 58 gold pieces
 17514 | Orc:4    | Bought a scroll of blinking for 75 gold pieces
 17514 | Orc:4    | Bought a scroll of torment for 75 gold pieces
 17678 | Orc:3    | Reached XP level 16. HP: 73/108 MP: 32/32
 17729 | Orc:3    | Found a staircase to the Elven Halls.
 17819 | Orc:3    | Noticed Josephine
 17822 | Orc:3    | Killed Josephine
 18014 | Elf:1    | Entered Level 1 of the Elven Halls
 18033 | Elf:1    | Found a burning altar of Makhleb.
 18242 | Elf:2    | Identified the cursed +3 shield of Rigenah {rC+} (You found it in a labyrinth)
 18322 | Elf:2    | Found Lucir's Jewellery Boutique.
 18328 | Elf:2    | Bought the amulet of the Air {Inacc +Fly rElec EV+5 RMsl} for 523 gold pieces
 18328 | Elf:2    | Bought the ring "Ytsue" {MP+9 SInv Stlth+} for 374 gold pieces
 18328 | Elf:2    | Bought an uncursed ring of ice for 275 gold pieces
 18595 | Elf:3    | Entered Level 3 of the Elven Halls
 18625 | Elf:3    | Found Esuiczast's Book Shoppe.
 18633 | Elf:3    | Reached skill level 17 in Ice Magic
 18662 | Elf:3    | Got a crystal flail
 18663 | Elf:3    | Identified the cursed +3 flail of Pec Ojiw {flame, +Fly rElec Int-2 Stlth-} (You found it on level 3 of the Elven Halls)
 18951 | Elf:3    | Noticed Azrael
 18966 | Elf:3    | Killed Azrael
 19169 | Elf:3    | Noticed a Hell Sentinel
 19261 | Elf:3    | Cast into the Abyss (deep elf sorcerer)
 19264 | Abyss:1  | Found a corrupted altar of Lugonu.
 19462 | Elf:3    | Escaped the Abyss
 19534 | Elf:3    | Noticed a deep elf blademaster
 19538 | Elf:3    | Killed a deep elf blademaster
 19684 | Elf:3    | Noticed a deep elf master archer
 19689 | Elf:3    | Killed a deep elf master archer
 19777 | Elf:3    | Reached XP level 17. HP: 114/114 MP: 34/34
 19829 | Elf:3    | Reached skill level 18 in Ice Magic
 20053 | Elf:3    | Noticed a deep elf blademaster
 20199 | Elf:3    | Killed a deep elf blademaster
 20199 | Elf:3    | Reached skill level 15 in Conjurations
 20207 | Elf:3    | Noticed a deep elf blademaster
 20211 | Elf:3    | Killed a deep elf blademaster
 20211 | Elf:3    | Cast into the Abyss (deep elf sorcerer)
 20211 | Abyss:1  | Found a corrupted altar of Lugonu.
 20337 | Abyss:1  | Noticed a bone dragon
 20351 | Abyss:1  | Found a corrupted altar of Lugonu.
 20500 | Abyss:1  | Found a corrupted altar of Lugonu.
 20798 | Abyss:1  | Found a corrupted altar of Lugonu.
 20886 | Elf:3    | Escaped the Abyss
 20969 | Elf:3    | Got a pitted iron ring
 21014 | Elf:3    | Identified the ring "Ydduotsu" {rF- MR+} (You took it off a deep elf summoner on level 3 of the Elven Halls)
 21029 | Elf:3    | Got a crystal long sword
 21030 | Elf:3    | Identified the -1 long sword of the Moth {flame, +Fly rF+ SInv} (You found it on level 3 of the Elven Halls)
 21035 | Elf:3    | Identified Buzit's Compendium of Black Rituals and Boosts
 21042 | Elf:3    | Learned a level 3 spell: Regeneration
 21085 | Elf:3    | Got a scintillating glass ring
 21087 | Elf:3    | Identified Bupuox's Reference Book on the Oath
 21102 | Elf:3    | Identified the ring "Getef" {MR+ Str+3 Dex+4} (You found it on level 3 of the Elven Halls)
 21243 | Elf:2    | Noticed Nessos
 21249 | Elf:2    | Killed Nessos
 21637 | Elf:1    | Noticed Nergalle
 21643 | Elf:1    | Killed Nergalle
 21777 | D:6      | Bought a scroll of magic mapping for 98 gold pieces
 21777 | D:6      | Bought a scroll of magic mapping for 98 gold pieces
 21777 | D:6      | Bought 2 scrolls of teleportation for 168 gold pieces
 21777 | D:6      | Bought 2 potions of brilliance for 140 gold pieces
 21777 | D:6      | Bought 2 potions of brilliance for 140 gold pieces
 21777 | D:6      | Bought a dented cabochon amulet for 140 gold pieces
 22276 | Lair:6   | Found a staircase to the Swamp.
 22320 | Swamp:1  | Entered Level 1 of the Swamp
 22462 | Swamp:3  | Noticed Snorg
 22466 | Swamp:3  | Killed Snorg
 22675 | Swamp:5  | Entered Level 5 of the Swamp
 22686 | Swamp:5  | Reached skill level 19 in Ice Magic
 22693 | Swamp:5  | Noticed Saint Roka
 22821 | Swamp:5  | Reached XP level 18. HP: 95/121 MP: 35/35
 23080 | Swamp:5  | Killed Saint Roka
 23247 | Swamp:5  | Paralysed by a Zot trap for 5 turns
 23367 | Swamp:5  | Got a decaying rune of Zot
 23506 | Swamp:3  | Noticed Roxanne
 23523 | Swamp:3  | Killed Roxanne
 23552 | Swamp:3  | Identified Roxanne's Guide on Clay and Changing (You took it off Roxanne on level 3 of the Swamp)
 23679 | Swamp:2  | Noticed Asterion
 23700 | Swamp:2  | Killed Asterion
 23842 | Swamp:1  | Reached skill level 20 in Ice Magic
 23843 | Swamp:1  | Noticed Agnes
 23854 | Swamp:1  | Killed Agnes
 23963 | Spider:1 | Entered Level 1 of the Spider Nest
 24166 | Spider:2 | Noticed Nikola
 24172 | Spider:2 | Killed Nikola
 24230 | Spider:3 | Noticed Mara
 24238 | Spider:2 | Reached XP level 19. HP: 86/126 MP: 26/36
 24651 | Spider:2 | Killed Mara
 24666 | Spider:3 | Noticed 4tharraofdagon's illusion
 24972 | Spider:3 | Noticed Wiglaf
 24979 | Spider:3 | Killed Wiglaf
 25092 | Spider:4 | Identified a scroll of acquirement
 25093 | Spider:4 | Got a slimy shield
 25110 | Spider:3 | Identified the -4 shield of Parts Unknown {Dex+2 Int+2} (You acquired it on level 4 of the Spider Nest)
 25222 | Spider:4 | Noticed Louise
 25239 | Spider:4 | Killed Louise
 25364 | Spider:5 | Entered Level 5 of the Spider Nest
 25504 | Spider:5 | Noticed Frances
 25508 | Spider:5 | Killed Frances
 26207 | Spider:5 | Reached skill level 21 in Ice Magic
 26346 | Spider:5 | Got a gossamer rune of Zot
 26929 | D:15     | Found a staircase to the Depths.
 26989 | Vaults:1 | Entered Level 1 of the Vaults
 27122 | Vaults:1 | Learned a level 9 spell: Glaciate
 27198 | Vaults:1 | Reached XP level 20. HP: 132/132 MP: 33/37
 27324 | Vaults:1 | Found Nischas' Book Shop.
 27346 | Vaults:2 | Found Plidioda's Gadget Boutique.
 27409 | Vaults:2 | Paralysed by a great orb of eyes for 5 turns
 28508 | Vaults:3 | Reached skill level 22 in Ice Magic
 28671 | Vaults:3 | Noticed Frederick
 28684 | Vaults:3 | Killed Frederick
 28703 | Vaults:3 | Noticed Margery
 28716 | Vaults:3 | Killed Margery
 29050 | Vaults:2 | Reached XP level 21. HP: 100/138 MP: 35/38
 29800 | Vaults:3 | Learned a level 7 spell: Delayed Fireball
 29875 | Vaults:4 | Got a faintly glowing helmet
 29876 | Vaults:4 | Identified the +1 helmet of Eternity {rPois Dex+3} (You acquired it on level 4 of the Vaults)
 30146 | Vaults:5 | Entered Level 5 of the Vaults
 30285 | Vaults:5 | Reached skill level 23 in Ice Magic
 30314 | Vaults:5 | Noticed a golden dragon
 30317 | Vaults:5 | Killed a golden dragon
 30465 | Vaults:5 | Found Puloqu's Magic Scroll Shop.
 30465 | Vaults:5 | Found Briuf's Food Shoppe.
 30476 | Vaults:5 | Found Bremuett's Magic Scroll Boutique.
 30477 | Vaults:5 | Found Fukk's Food Shoppe.
 30496 | Vaults:5 | Reached XP level 22. HP: 98/144 MP: 6/39
 30893 | Vaults:5 | Found Cakoetoc's Magic Scroll Boutique.
 30908 | Vaults:5 | Got a silver rune of Zot
 31353 | Vaults:5 | Found Zuf Rutoi's Jewellery Shop.
 31361 | Vaults:5 | Found Dyaryth's Antique Armour Shoppe.
 31366 | Vaults:5 | Bought a crude buckler for 294 gold pieces
 31392 | Vaults:5 | Found Klagaf's Magic Scroll Shoppe.
 31429 | Vaults:5 | Reached skill level 24 in Ice Magic
 31481 | Vaults:5 | Bought a scroll of blinking for 142 gold pieces
 31481 | Vaults:5 | Bought a scroll of teleportation for 57 gold pieces
 31481 | Vaults:5 | Bought a scroll of teleportation for 57 gold pieces
 31485 | Vaults:5 | Found Hahaskes' Antique Weapon Shoppe.
 31586 | Vaults:5 | Found Izxus' Distillery.
 31586 | Vaults:5 | Found Louttyth's Magic Scroll Boutique.
 31590 | Vaults:5 | Bought 2 potions of heal wounds for 96 gold pieces
 31590 | Vaults:5 | Bought a potion of heal wounds for 48 gold pieces
 31590 | Vaults:5 | Bought a potion of heal wounds for 48 gold pieces
 31590 | Vaults:5 | Bought a potion of restore abilities for 48 gold pieces
 31609 | Vaults:5 | Found Shruhin's Magic Scroll Shoppe.
 31613 | Vaults:5 | Bought a scroll of magic mapping for 66 gold pieces
 31613 | Vaults:5 | Bought a scroll of magic mapping for 66 gold pieces
 31613 | Vaults:5 | Bought a scroll of blinking for 142 gold pieces
 31635 | Vaults:5 | Found Irecilume's Food Emporium.
 31647 | Vaults:5 | Bought a scroll of blinking for 180 gold pieces
 31647 | Vaults:5 | Bought a scroll of recharging for 228 gold pieces
 31647 | Vaults:5 | Bought a scroll of acquirement for 1248 gold pieces
 31658 | Vaults:5 | Identified the +1 buckler of Midsummer {Str+2 Slay+3} (You bought it in a shop on level 5 of the Vaults)
 31671 | Vaults:5 | Got a slimy helmet
 31682 | Vaults:5 | Identified the -3 helmet "Chask" {Dex+4 Int+3} (You acquired it on level 5 of the Vaults)
 31704 | Vaults:5 | Bought a scroll of fog for 42 gold pieces
 31704 | Vaults:5 | Bought a scroll of blinking for 157 gold pieces
 31756 | Vaults:4 | ehhhh
 31774 | Vaults:4 | Learned a level 4 spell: Control Teleport
 32028 | Depths:1 | Entered Level 1 of the Depths
 32028 | Depths:1 | Found a gateway to Hell.
 32441 | Depths:2 | Reached XP level 23. HP: 115/149 MP: 23/40
 32798 | Depths:3 | Noticed Xtahua
 32801 | Depths:3 | Killed Xtahua
 32801 | Depths:3 | Reached skill level 15 in Spellcasting
 33185 | Depths:5 | Entered Level 5 of the Depths
 33371 | Depths:5 | Reached skill level 25 in Ice Magic
 33787 | Depths:3 | Reached XP level 24. HP: 150/157 MP: 41/41
 33967 | Depths:3 | Found a one-way gate to the infinite horrors of the Abyss.
 34410 | Depths:2 | Found a gateway to a ziggurat.
 34475 | Zig:1    | Entered Level 1 of a ziggurat
 34489 | Zig:2    | Entered Level 2 of a ziggurat
 34528 | Zig:3    | Entered Level 3 of a ziggurat
 34550 | Zig:4    | Entered Level 4 of a ziggurat
 34589 | Zig:5    | Entered Level 5 of a ziggurat
 34593 | Zig:5    | Noticed a greater mummy
 34604 | Zig:5    | Killed a greater mummy
 34646 | Zig:5    | Got a steaming diamond amulet
 34647 | Zig:5    | Identified the amulet of Chyut {Spirit Slay+4} (You found it on level 5 of a ziggurat)
 34651 | Zig:6    | Entered Level 6 of a ziggurat
 34722 | Zig:7    | Entered Level 7 of a ziggurat
 34773 | Zig:8    | Entered Level 8 of a ziggurat
 34811 | Zig:8    | Reached skill level 26 in Ice Magic
 34811 | Zig:8    | Reached XP level 25. HP: 161/161 MP: 41/42
 34851 | Zig:8    | Learned a level 7 spell: Controlled Blink
 34866 | Zig:9    | Entered Level 9 of a ziggurat
 34876 | Zig:9    | Reached skill level 1 in Translocations
 34933 | Zig:9    | Got a wavering lead ring
 34945 | Zig:9    | Identified the ring "Hebefe" {+Inv rElec rF+ SInv} (You found it on level 9 of a ziggurat)
 34952 | Zig:10   | Entered Level 10 of a ziggurat
 35050 | Zig:10   | Got a slimy wooden ring
 35051 | Zig:10   | Identified the ring "Onock" {rC- MR+ Slay+4} (You found it on level 10 of a ziggurat)
 35061 | Zig:11   | Entered Level 11 of a ziggurat
 35118 | Zig:12   | Entered Level 12 of a ziggurat
 35146 | Zig:12   | Reached XP level 26. HP: 146/169 MP: 5/43
 35157 | Zig:12   | Reached skill level 5 in Translocations
 35247 | Zig:12   | Identified Chirghui's Incunabulum of the Entourage (You found it on level 12 of a ziggurat)
 35263 | Zig:13   | Entered Level 13 of a ziggurat
 35375 | Zig:14   | Entered Level 14 of a ziggurat
 35435 | Zig:14   | Identified a +4 rod of inaccuracy (14/14) (You found it on level 14 of a ziggurat)
 35454 | Zig:15   | Entered Level 15 of a ziggurat
 35619 | Zig:15   | Reached XP level 27. HP: 174/174 MP: 43/43
 35626 | Zig:15   | Identified Vaddepte's Volume of Venomous Stolen Souls (You found it on level 15 of a ziggurat)
 35630 | Zig:15   | Identified the Catalogue of Protection (You found it on level 15 of a ziggurat)
 35645 | Zig:15   | Learned a level 1 spell: Apportation
 35648 | Zig:15   | Learned a level 2 spell: Blink
 35701 | Zig:16   | Entered Level 16 of a ziggurat
 35773 | Zig:16   | Got a brightly glowing glass ring
 35774 | Zig:16   | Identified the ring of the Mutiny {rPois MR+} (You found it on level 16 of a ziggurat)
 35781 | Zig:16   | Identified Haywn's Compendium of Boosts (You found it on level 16 of a ziggurat)
 35788 | Zig:17   | Entered Level 17 of a ziggurat
 35814 | Zig:17   | Reached skill level 10 in Translocations
 36028 | Zig:18   | Entered Level 18 of a ziggurat
 36098 | Zig:19   | Entered Level 19 of a ziggurat
 36348 | Zig:19   | Identified a +2 pair of boots of running (You found it on level 19 of a ziggurat)
 36350 | Zig:19   | Got a sparkling marble ring
 36351 | Zig:19   | Identified the ring of Temperance {Fire Dex+1 Int+4} (You found it on level 19 of a ziggurat)
 36358 | Zig:19   | Identified the Incunabulum of the Eight Wishes (You found it on level 19 of a ziggurat)
 36361 | Zig:19   | Got a slimy ivory amulet
 36362 | Zig:19   | Identified the amulet "Yquromm" {rCorr Str+1 Int+4} (You found it on level 19 of a ziggurat)
 36379 | Zig:19   | Identified a +4 rod of destruction (12/12) (You found it on level 19 of a ziggurat)
 36380 | Zig:19   | Identified a +4 rod of clouds (11/11) (You found it on level 19 of a ziggurat)
 36386 | Zig:20   | Entered Level 20 of a ziggurat
 36427 | Zig:20   | Reached skill level 15 in Evocations
 36450 | Zig:20   | Noticed an ancient lich
 36457 | Zig:20   | Killed an ancient lich
 36519 | Zig:20   | Identified Cip Phi's Tome of the Glacier (You found it on level 20 of a ziggurat)
 36524 | Zig:20   | Got a wavering lead amulet
 36526 | Zig:20   | Identified the amulet of Incredulity {Stasis rElec Stlth+} (You found it on level 20 of a ziggurat)
 36538 | Zig:20   | Got a fine ivory ring
 36540 | Zig:20   | Identified the ring "Qeroi" {+/*Tele Str+4 Int-5} (You found it on level 20 of a ziggurat)
 36555 | Zig:20   | Identified Vehumet's Reference Book on Attacks (You found it on level 20 of a ziggurat)
 36569 | Zig:21   | Entered Level 21 of a ziggurat
 36757 | Zig:21   | Got a flickering granite ring
 36759 | Zig:21   | Identified the ring "Zyaruor" {rF+ Str+2 Dex+4} (You found it on level 21 of a ziggurat)
 36785 | Zig:22   | Entered Level 22 of a ziggurat
 36983 | Zig:22   | Identified the Compendium of Feathers (You found it on level 22 of a ziggurat)
 36987 | Zig:22   | Got a crude tin ring
 36989 | Zig:22   | Identified the ring "Iwec" {rN+ Str+2 Dex+2} (You found it on level 22 of a ziggurat)
 37016 | Zig:23   | Entered Level 23 of a ziggurat
 37048 | Zig:23   | Killed from afar by a pearl dragon

Action                   |  1- 3 |  4- 6 |  7- 9 | 10-12 | 13-15 | 16-18 | 19-21 | 22-24 | 25-27 || total
-------------------------+-------+-------+-------+-------+-------+-------+-------+-------+-------++-------
Melee: Unarmed           |    34 |       |       |       |    13 |       |       |       |       ||    47
       Dagger            |    41 |   149 |   136 |   108 |       |       |       |       |       ||   434
       Staff             |       |       |    39 |   137 |   246 |    58 |    29 |    20 |     1 ||   530
       Spear             |       |       |       |       |   163 |     4 |       |       |       ||   167
 Cast: Flame Tongue      |    28 |    47 |   140 |   109 |    31 |       |       |       |       ||   355
       Conjure Flame     |     1 |     3 |    11 |    49 |    45 |    10 |     9 |       |       ||   128
       Sticky Flame      |       |       |    14 |   109 |   195 |    33 |    63 |     6 |     1 ||   421
       Fireball          |       |       |     2 |    53 |   119 |    90 |    42 |     8 |       ||   314
       Freezing Cloud    |       |       |       |       |    44 |    70 |   100 |     2 |       ||   216
       Bolt of Cold      |       |       |       |       |    48 |   114 |   142 |    51 |    16 ||   371
       Orb of Destructio |       |       |       |       |     4 |   101 |   134 |   127 |    25 ||   391
       Glaciate          |       |       |       |       |       |       |    11 |   128 |   166 ||   305
       Regeneration      |       |       |       |       |       |       |     1 |     3 |    20 ||    24
       Delayed Fireball  |       |       |       |       |       |       |     1 |     1 |       ||     2
 Abil: Evoke Teleportati |       |     1 |     1 |     6 |       |     7 |       |       |       ||    15
       Release Delayed F |       |       |       |       |       |       |       |       |     1 ||     1
Evoke: Wand              |     1 |     8 |     9 |    17 |    17 |     3 |     5 |       |     2 ||    62
       Crystal ball of e |       |       |       |       |       |     6 |       |       |     2 ||     8
       Staff of energy   |       |       |       |       |       |   275 |   459 |   354 |   235 ||  1323
       Rod               |       |       |       |       |       |       |       |       |     4 ||     4
       Staff of Wucad Mu |       |       |       |       |       |       |       |       |     3 ||     3
  Use: Scroll            |       |     9 |     7 |    19 |    13 |    12 |    17 |    10 |    22 ||   109
       Potion            |       |       |       |     4 |     2 |     3 |     5 |     4 |    25 ||    43
 Stab: Sleeping          |       |       |     1 |     1 |     1 |       |       |       |       ||     3
  Eat: Chunk             |     2 |    10 |    19 |    84 |   126 |   117 |   142 |    69 |    41 ||   610
       Beef jerky        |       |       |       |       |     6 |     1 |       |       |     7 ||    14
       Pizza             |       |       |       |       |     2 |     1 |     3 |     1 |     1 ||     8
       Royal jelly       |       |       |       |       |       |       |       |       |     5 ||     5
